 Dungeon Crawl Stone Soup version 0.22-a0-322-g60b3cfd (webtiles) character file.

37 GameOver the Sneak (level 3, -9/28 HPs)
             Began as a Naga Wizard on Apr 4, 2018.
             Mangled by an ogre
             ... wielding a +0 giant club
              (22 damage)
             ... on level 2 of the Dungeon.
             The game lasted 00:03:44 (1115 turns).

GameOver the Sneak (Naga Wizard)                    Turns: 1115, Time: 00:03:45

Health: -9/28      AC:  2    Str:  9    XL:     3   Next: 39%
Magic:  7/7        EV: 10    Int: 19    God:
Gold:   96         SH:  0    Dex:  9    Spells: 7/8 levels left

rFire    . . .     SeeInvis +   e - +0 club
rCold    . . .     Gourm    .   (no shield)
rNeg     . . .     Faith    .   a - +0 robe
rPois    +         Spirit   .   b - +0 hat
rElec    .         Reflect  .   (no cloak)
rCorr    .         Harm     .   (no gloves)
MR       .....                  (no barding)
Stlth    ++........             (no amulet)
HPRegen  0.09/turn              (no ring)
MPRegen  0.10/turn              (no ring)

@: short of breath, very slow
A: large, see invisible, deformed body, poison resistance, slowness 2, slow
metabolism 1, spit poison 1, AC +1
a: Spit Poison


You were on level 2 of the Dungeon.
You were not hungry.

You visited 1 branch of the dungeon, and saw 2 of its levels.

You collected 96 gold pieces.

Inventory:

Hand Weapons
 e - a +0 club (weapon)
Armour
 a - a +0 robe (worn)
 b - a +0 hat (worn)
Scrolls
 g - 2 scrolls of enchant armour {unknown}
 i - 2 scrolls of fog {unknown}
 k - a scroll of random uselessness {unknown}
 l - a scroll of identify {unknown}
 m - a scroll of amnesia {unknown}
Potions
 c - a potion of invisibility {unknown}
 f - a potion of berserk rage {unknown}
 h - a potion of mutation {unknown}
 j - 2 potions of agility {unknown}
Comestibles
 d - 3 rations
 n - a chunk of flesh


   Skills:
 - Level 1.5 Dodging
 + Level 4.1 Stealth
 - Level 3.0 Spellcasting
 * Level 2.6 Conjurations
   Level 1.0 Summonings
   Level 1.0 Translocations


You had 7 spell levels left.
You knew the following spells:

 Your Spells              Type           Power        Failure   Level  Hunger
a - Magic Dart            Conj           ##..         4%          1    None


Dungeon Overview and Level Annotations

Branches:
Dungeon (2/15)

Altars:


Innate Abilities, Weirdness & Mutations

You cannot wear boots.
Your serpentine skin is tough. (AC +1)
You have supernaturally acute eyesight. (SInv)
Armour fits poorly on your strangely shaped body.
Your system is resistant to poisons. (rPois)
You cover ground very slowly.
You have a slow metabolism.
You can spit poison.


Message History

The splash of poison hits the ogre.
The ogre is poisoned.
The ogre is lightly wounded.
The ogre shouts!
You feel slightly more hungry.
You have got your breath back.
Press: ? - help, Shift-Dir - straight line, f/p - ogre
Aim: an ogre, wielding a giant club (moderately wounded, poisoned)
The splash of poison hits the ogre.
The ogre looks even sicker.
The ogre is moderately wounded.
You feel slightly more hungry. The ogre hits you with a giant club!
Ouch! That really hurt!
You have got your breath back.
Press: ? - help, Shift-Dir - straight line, f/p - ogre
Aim: an ogre, wielding a giant club (heavily wounded, poisoned)
The splash of poison hits the ogre.
The ogre looks even sicker.
The ogre is severely wounded.
You feel slightly more hungry. The ogre hits you with a giant club!!
Ouch! That really hurt!
You die...

#.# #.#
#.# #.##
#..#
####.#
..##.#
#.##O#
#.##@#
#.##.#
#....#
#.########
#.........
#.########
#.# #####
#.# ....#
#.#


You could see an ogre.

Vanquished Creatures
  An adder (D:2)
  An ooze (D:1)
  A worm (D:2)
  4 bats
  2 giant cockroaches (D:1)
  A goblin (D:1)
  4 hobgoblins (D:1)
  A frilled lizard (D:1)
  3 kobolds (D:1)
  2 rats (D:1)
20 creatures vanquished.

Notes
Turn   | Place    | Note
-------+----------+-------------------------------------------
     0 | D:1      | GameOver the Naga Wizard began the quest for the Orb.
     0 | D:1      | Reached XP level 1. HP: 15/15 MP: 4/4
   159 | D:1      | Reached XP level 2. HP: 18/22 MP: 1/6
   944 | D:2      | Reached skill level 4 in Stealth
   944 | D:2      | Reached XP level 3. HP: 28/28 MP: 5/7
  1103 | D:2      | Noticed an ogre
  1115 | D:2      | Mangled by an ogre

Vault maps used:
D:1:      scummos_arrival_checkerplants, grunt_decor_cap
D:2:      first_ration, uniq_terence

Skill      XL: |  1  2 |
---------------+-------+-----
Conjurations   | 2 |  2.6
Stealth        | 4 |  4.1
Dodging        | |  1.5
Spellcasting   | |  3.0
Summonings     | |  1.0
Translocations | |  1.0

Action                   || total
-------------------------++-------
 Cast: Magic Dart        ||    16
 Abil: Spit Poison       ||    27
  Eat: Chunk             ||     2
Armor: Robe              ||     5
Dodge: Dodged            ||    12

Table legend:
 A = Spawn XP
 B = Non-spawn XP
 C = Spawn XP percentage of total XP
 D = Spawn monster count
 E = Non-spawn monster count
 F = Spawn count percentage of total count
 G = Total turns spent on level
                    A         B        C        D         E        F      G
               +---------+---------+-------+---------+---------+-------+---------
         Total |       0 |      53 |   0.0 |       0 |      20 |   0.0 |  1115
               +---------+---------+-------+---------+---------+-------+---------
           D:1 |       0 |      33 |   0.0 |       0 |      17 |   0.0 |   843
           D:2 |       0 |      20 |   0.0 |       0 |       3 |   0.0 |   272
               +---------+---------+-------+---------+---------+-------+---------
